 Dungeon Crawl Stone Soup version 0.27.1-3-gb3d3a73c9e (webtiles) character file.

Game seed: 3536460282078574893

1405 Borgoz the Skirmisher (level 8, -3/73 HPs)
             Began as a Minotaur Berserker on Oct 30, 2021.
             Was a Priest of Trog.
             Killed from afar by an electric eel (9 damage)
             ... with a bolt of electricity
             ... on level 6 of the Dungeon.
             The game lasted 00:05:46 (6088 turns).

Borgoz the Skirmisher (Minotaur Berserker)          Turns: 6088, Time: 00:05:47

Health: -3/73      AC: 10    Str: 22    XL:     8   Next: 42%
Magic:  7/7        EV: 12    Int:  4    God:    Trog [***...]
Gold:   326        SH:  0    Dex: 12    Spells: 7/7 levels left

rFire    . . .     SeeInvis +   a - +0 falchion
rCold    . . .     Faith    .   (no shield)
rNeg     . . .     Spirit   .   t - +0 scale mail
rPois    .         Reflect  .   (helmet restricted)
rElec    .         Harm     .   n - +0 cloak
rCorr    .         Rampage  .   (no gloves)
Will     .....                  u - +0 pair of boots
Stlth    ..........             (no amulet)
HPRegen  0.22/turn              g - ring of see invisible
MPRegen  0.10/turn              (no ring)

@: on berserk cooldown, slowed, studying Dodging, very slow
A: horns 2, retaliatory headbutt
a: Renounce Religion, Berserk, Trog's Hand


You were on level 6 of the Dungeon.
You worshipped Trog.
Trog was most pleased with you.
You visited 1 branch of the dungeon, and saw 6 of its levels.

You collected 326 gold pieces.

Inventory:

Hand Weapons
 a - a +0 falchion (weapon)
Armour
 n - a +0 cloak (worn)
 t - a +0 scale mail (worn)
 u - a +0 pair of boots (worn)
Jewellery
 g - a ring of see invisible (left hand)
 p - a ring of fire
Wands
 w - a wand of flame (13)
Scrolls
 b - a scroll of enchant armour {unknown}
 f - a scroll of noise {unknown}
 k - 2 scrolls of torment {unknown}
 l - a scroll of brand weapon {unknown}
 m - a scroll of vulnerability {unknown}
 o - 2 scrolls of amnesia {unknown}
 q - a scroll of summoning {unknown}
 r - 3 scrolls of fear {unknown}
 v - 2 scrolls of teleportation {unknown}
Potions
 c - 2 potions of flight {unknown}
 d - a potion of resistance {unknown}
 e - 3 potions of ambrosia
 i - 4 potions of might
 j - 2 potions of curing
 s - 2 potions of brilliance {unknown}


   Skills:
 + Level 7.2 Fighting
 + Level 7.2 Long Blades
 + Level 6.5 Armour
 + Level 6.7 Dodging


You had 7 spell levels left.
You didn't know any spells.
Your spell library was empty.

Dungeon Overview and Level Annotations

Branches:
Dungeon (6/15)
 Temple: D:4-7

Altars:
Elyvilon
Fedhas
Gozag
Hepliaklqana
Makhleb
Ru
Vehumet
Wu Jian

Shops:
D:1 ?   D:6 !


Innate Abilities, Weirdness & Mutations

You have a pair of horns on your head.
You reflexively headbutt those who attack you in melee.


Message History

The electric eel shoots out a bolt of lightning at you!
The bolt of electricity hits you!
The electric eel shoots out a bolt of lightning at you!
The bolt of electricity hits you!
The electric eel shoots out a bolt of lightning at you!
The bolt of electricity hits you!
You are too injured to fight recklessly!
A red film seems to cover your vision as you go berserk!
You feel yourself moving faster!
You feel mighty!
The electric eel shoots out a bolt of lightning at you!
The bolt of electricity hits you!
You feel a strong urge to attack something.
The hound barks!
The electric eel shoots out a bolt of lightning at you!
The bolt of electricity hits you!
* * * LOW HITPOINT WARNING * * *
Your unstable footing causes you to fumble your attack.
Your unstable footing causes you to fumble your attack.
Your unstable footing causes you to fumble your attack.
Your unstable footing causes you to fumble your attack.
You slash the electric eel!
You feel the power of Trog in you as your rage grows.
You kill the electric eel!
Trog accepts your kill.
You start resting.
You feel a strong urge to attack something.
You start resting.
You are no longer berserk.
You are exhausted.
You feel yourself slow down.
You start resting.
An electric eel comes into view.
The electric eel shoots out a bolt of lightning at you!
The bolt of electricity hits you!
* * * LOW HITPOINT WARNING * * *
The electric eel shoots out a bolt of lightning at you!
The bolt of electricity hits you!
* * * LOW HITPOINT WARNING * * *
The bolt of electricity hits you!
You die...

##########
≈≈≈≈≈≈≈≈≈### ##≈
≈≈≈≈≈≈≈;≈@≈## #≈≈
≈≈≈≈≈≈≈≈≈≈#.####.#
#≈≈≈≈≈######....#
≈≈≈≈≈≈ #....#
≈≈≈≈≈ #....# ####≈
#....# . ##''## .≈
#..# ###'#####


You could see an electric eel.

Vanquished Creatures
  A water moccasin (D:6)
  2 sky beasts (D:6)
  A black bear (D:6)
  An ogre (D:6)
  A necrophage (D:5)
  4 scorpions
  A howler monkey (D:6)
  An electric eel (D:6)
  A jelly (D:6)
  5 hounds
  4 iguanas
  An orc wizard (D:3)
  A scorpion zombie (D:5)
  A killer bee zombie (D:6)
  A howler monkey zombie (D:5)
  8 adders
  A howler monkey skeleton (D:4)
  A shadow imp (D:5)
  An ufetubus (D:6)
  2 worms (D:2)
  2 dart slugs
  8 orcs
  8 ball pythons
  5 endoplasms
  A giant cockroach (D:1)
  6 goblins
  9 hobgoblins
  2 quokkas
  3 bats
  3 frilled lizards
  7 kobolds
  6 rats
  A spectral kobold (D:4)
100 creatures vanquished.

Vanquished Creatures (others)
  A plant (D:6)
1 creature vanquished.

Grand Total: 101 creatures vanquished

Notes
Turn   | Place    | Note
-------+----------+-------------------------------------------
     0 | D:1      | Borgoz the Minotaur Berserker began the quest for the Orb.
     0 | D:1      | Reached XP level 1. HP: 19/19 MP: 0/0
   398 | D:1      | Reached XP level 2. HP: 5/27 MP: 1/1
   957 | D:1      | Found Zaqeu's Magic Scroll Boutique.
  1042 | D:1      | Found a faded altar of an unknown god.
  1162 | D:1      | Found a blossoming altar of Fedhas.
  1274 | D:1      | Reached XP level 3. HP: 33/33 MP: 2/2
  1569 | D:2      | Reached ** piety under Trog
  2400 | D:3      | Reached XP level 4. HP: 34/41 MP: 3/3
  2879 | D:3      | Reached XP level 5. HP: 33/47 MP: 4/4
  3036 | D:3      | Found an opulent altar of Gozag.
  3547 | D:4      | Found a radiant altar of Vehumet.
  3730 | D:4      | Reached skill level 5 in Fighting
  3730 | D:4      | Reached skill level 5 in Long Blades
  3736 | D:4      | Reached XP level 6. HP: 46/56 MP: 5/5
  3824 | D:4      | Found a burning altar of Makhleb.
  4035 | D:4      | Found a hazy altar of Hepliaklqana.
  4104 | D:5      | Entered Level 5 of the Dungeon
  4160 | D:5      | Reached *** piety under Trog
  4286 | D:5      | Found a sacrificial altar of Ru.
  4294 | D:5      | Found a white marble altar of Elyvilon.
  4922 | D:5      | Reached XP level 7. HP: 62/62 MP: 6/6
  4935 | D:5      | Reached skill level 5 in Armour
  5081 | D:6      | Reached skill level 5 in Dodging
  5491 | D:6      | Identified the +7 rapier of Dushracei {vamp, *Noise +Rage
                  | Will++ Dex+2}
  5501 | D:6      | Found an ornate altar of the Wu Jian Council.
  5512 | D:6      | Reached XP level 8. HP: 71/71 MP: 7/7
  5739 | D:6      | Found Optapucuo's Distillery.
  6088 | D:6      | Killed from afar by an electric eel

Illustrated notes

Levels and vault maps discovered:
D:1:      ncdulo_smallfort, layout_loops_cross,
          dilly_ecumenical_altar_fadedgnrine, serial_shops, shop, st_stairs_12,
          kennysheep_flooded_box, minmay_tromino_i4
D:2:      layout_loops_cross, st_stairs_11, minmay_misc_feat_ornament,
          chequers_serial_rivers_room_a
D:3:      layout_basic, nicolae_gozag_cash_rules_everything_around_me
D:4:      layout_rooms, mainiacjoe_overflow_boulevard,
          nicolae_hepliaklqana_monster_ancestors, mainiacjoe_overflow_catwalk
D:5:      layout_gridville, mainiacjoe_overflow_big_doors
D:6:      wad_lake_hut, layout_basic, nicolae_wu_jian_glorious_leap,
          serial_shops, nicolae_shop_statue_plus, minmay_manual_moon

Skill      XL: |  1  2  3  4  5  6  7  8 |
---------------+-------------------------+-----
Fighting       | 4 5 6 7 |  7.2
Long Blades    | 4 5 6 7 |  7.2
Armour         | 3 4 6 |  6.5
Dodging        | 3 4 5 6 |  6.7

Action                   |  1- 3 |  4- 6 |  7- 9 || total
-------------------------+-------+-------+-------++-------
Melee: Falchion          |    79 |   119 |    71 ||   269
       Headbutt          |    17 |    19 |    15 ||    51
Invok: Berserk           |     3 |       |     4 ||     7
       Trog's Hand       |       |       |     1 ||     1
  Use: Scroll            |       |       |     4 ||     4
Armor: Animal skin       |     6 |       |       ||     6
       Ring mail         |    12 |    21 |       ||    33
       Scale mail        |       |    21 |    37 ||    58
Dodge: Dodged            |    48 |    83 |    46 ||   177
       Rpst.: Falchion   |     8 |    25 |    12 ||    45
